 Dungeon Crawl Stone Soup version 0.28-a0-1235-g7c8fac35f0 (webtiles) character file.

Game seed: 18233562697295043968

248856 dolemite99 the Sculptor of Flesh (level 18, 0/113 HPs)
             Began as a Minotaur Fighter on Dec 25, 2021.
             Was an Initiate of Yredelemnul.
             Slain by a brown very ugly thing (14 damage)
             ... on level 4 of the Abyss.
             The game lasted 01:29:39 (59521 turns).

dolemite99 the Sculptor of Flesh (MiFi)            Turns: 59521, Time: 01:29:40

Health: 0/113      AC: 41    Str: 20 (21) XL:     18   Next: 86%
Magic:  21/21      EV:  4    Int:  0 (6)  God:    Yredelemnul [......]
Gold:   618        SH:  0    Dex: 11      Spells: 17/17 levels left

rFire   + . .      SeeInvis .   a - +4 battleaxe (protect)
rCold   . . .      Faith    +   (shield currently unavailable)
rNeg    . . .      Spirit   .   y - +8 orange crystal plate armour {Archmagi, Int+3 Clar}
rPois   +          Reflect  .   f - +2 hat
rElec   .          Harm     .   P - +1 cloak {rCorr}
rCorr   +          Rampage  .   Z - +1 pair of gloves
Will    +....      Archmagi +   z - +1 pair of boots
Stlth   .......... Clarity  +   C - amulet of Vaxij {Faith Dex+3}
HPRegen 0.00/turn  Rnd*Tele +   T - ring of protection from fire
MPRegen 0.17/turn               j - ring of poison resistance {=R}

@: under a protective aura, inhibited regen, slowed, lost intelligence,
invisible, unable to read, very slow
A: horns 2, retaliatory headbutt, [berserk 3], [clumsy 2], [deformed body],
[deterioration 2], [dopey 2], frail 1[+2], [low mp 3], [screaming 2], [inhibited
regeneration], [teleportitis 3], [weak 2], [no potion heal 2], [subdued magic
3], [inability to read while threatened]
}: 2/15 runes: barnacled, gossamer
a: Renounce Religion, Recall Undead Harvest


You were on level 4 of the Abyss.
You worshipped Yredelemnul.
Yredelemnul was greatly pleased with you.
You visited 7 branches of the dungeon, and saw 33 of its levels.
You visited the Abyss 2 times.

You collected 3554 gold pieces.
You spent 2936 gold pieces at shops.

Inventory:

Hand Weapons
 a - a +4 battleaxe of protection (weapon)
 b - the +9 hand crossbow "Wuow" {freeze, rElec rCorr Int-2 Dex+6}
   (You found it on level 4 of the Lair of Beasts)

   Any ammunition fired from it freezes those it strikes, dealing additional
   cold damage.
   It can also slow down cold-blooded creatures.
   Int:       It affects your intelligence (-2).
   Dex:       It affects your dexterity (+6).
   rElec:     It insulates you from electricity.
   rCorr:     It protects you from acid and corrosion.
 E - a +0 trident
 S - a +1 arbalest of freezing
Missiles
 p - 866 bolts
 s - 113 poisoned darts
 B - 218 arrows
 J - 9 throwing nets
Armour
 f - a +2 hat (worn)
 r - a +0 plate armour of fire resistance
 y - the +8 orange crystal plate armour (worn) {Archmagi, Int+3 Clar}
   (You bought it in a shop on level 2 of the Orcish Mines)

   Int:       It affects your intelligence (+3).
   Clar:      It protects you against confusion.
 z - a +1 pair of boots (worn)
 P - a +1 cloak of preservation (worn)
 Z - a +1 pair of gloves (worn)
Magical Staves
 A - a staff of air
Jewellery
 g - the ring "Fofric" {rC+ rCorr Str+3 Dex+3}
   (You found it on level 2 of the Abyss)

   [ring of resist corrosion]

   Str:       It affects your strength (+3).
   Dex:       It affects your dexterity (+3).
   rC:        It protects you from cold.
   rCorr:     It protects you from acid and corrosion.
 j - a ring of poison resistance (right hand) {=R}
 q - a +6 ring of intelligence
 x - a ring of fire
 C - the amulet of Vaxij (around neck) {Faith Dex+3}
   (You found it on level 8 of the Dungeon)

   [amulet of faith]

   It allows you to gain divine favour quickly.
   Dex:       It affects your dexterity (+3).
 T - a ring of protection from fire (left hand)
 X - a ring of protection from fire
Wands
 c - a wand of digging (14)
 e - a wand of charming (1)
 k - a wand of paralysis (28) (quivered)
 F - a wand of acid (2)
 H - a wand of polymorph (14)
 I - a wand of mindburst (2)
 N - a wand of flame (25)
 V - a wand of iceblast (16)
Scrolls
 d - 8 scrolls of fog
 i - 5 scrolls of fear
 n - 13 scrolls of teleportation
 O - 7 scrolls of magic mapping
 U - 7 scrolls of identify {@r1}
 Y - a scroll of silence
Potions
 h - a potion of magic {unknown}
 l - 2 potions of berserk rage
 m - 6 potions of flight
 t - 9 potions of brilliance
 u - 6 potions of lignification
 D - 2 potions of mutation
 G - 5 potions of ambrosia
 K - 12 potions of curing
 M - a potion of might
 Q - 4 potions of haste
 W - 4 potions of cancellation
Miscellaneous
 o - a lightning rod (1/4)
 v - a box of beasts (inert)
 R - a condenser vane (inert)


   Skills:
 - Level 14.9 Fighting
 - Level 20.4 Axes
 - Level 12.0 Crossbows
 - Level 14.5 Armour
 - Level 3.6 Shields
 + Level 20.7 Invocations
 - Level 9.4 Evocations


You had 17 spell levels left.
You didn't know any spells.
Your spell library contained the following spells:

 Spells                   Type           Power      Damage    Failure   Level
 Foxfire                  Conj/Fire      0%         2x1d4     100%        1
 Freeze                   Ice            0%         1d3       100%        1
 Magic Dart               Conj           0%         1d3       100%        1
 Call Imp                 Summ           0%         N/A       100%        2
 Ensorcelled Hibernation  Hex/Ice        0%         N/A       100%        2
 Conjure Flame            Conj/Fire      0%         6-21      100%        3
 Dazzling Flash           Conj/Hex       0%         N/A       100%        3
 Frozen Ramparts          Ice            0%         1d2       100%        3
 Inner Flame              Hex/Fire       0%         N/A       100%        3
 Mephitic Cloud           Conj/Pois/Air  0%         N/A       100%        3
 Spider Form              Tmut/Pois      0%         N/A       100%        3
 Tukima's Dance           Hex            0%         N/A       100%        3
 Airstrike                Air            0%         N/A       100%        4
 Cause Fear               Hex            0%         N/A       100%        4
 Flame Wave               Conj/Fire      0%         2d4       100%        4
 Hailstorm                Conj/Ice       0%         3d3       100%        4
 Iskenderun's Mystic Bla  Conj/Tloc      0%         2d3       100%        4
 Leda's Liquefaction      Hex/Erth       0%         N/A       100%        4
 Passage of Golubria      Tloc           0%         N/A       100%        4
 Summon Lightning Spire   Summ/Air       0%         N/A       100%        4
 Agony                    Necr           0%         N/A       100%        5
 Lee's Rapid Deconstruct  Erth           0%         3d5*      100%        5
 Lightning Bolt           Conj/Air       0%         1d11      100%        5
 Silence                  Hex/Air        0%         N/A       100%        5
 Yara's Violent Unravell  Hex/Tmut       0%         3d3       100%        5
 Starburst                Conj/Fire      0%         6d3       100%        6
 Statue Form              Tmut/Erth      0%         N/A       100%        6
 Dragon Form              Tmut           0%         N/A       100%        7
 Dragon's Call            Summ           0%         N/A       100%        9


Dungeon Overview and Level Annotations

Branches:
Dungeon (15/15)            Temple (1/1) D:6            Lair (6/6) D:10
 Shoals (4/4) Lair:3       Spider (4/4) Lair:3        Slime (0/5) Lair:5
    Orc (2/2) D:12            Elf (0/3) Orc:2        Vaults (1/5) D:13
 Depths (0/4) D:15

Altars:
Ashenzari
Cheibriados
Dithmenos
Elyvilon
Fedhas
Gozag
Hepliaklqana
Kikubaaqudgha
Makhleb
Nemelex Xobeh
Okawaru
Qazlal
Ru
Sif Muna
Trog
Uskayaw
Vehumet
Xom
Yredelemnul
Zin
The Shining One
Jiyva

Shops:
D:15 *   Orc:2 (:*([   Shoals:3 ([:   Vaults:1 :

Portals:
Trove: D:13 (give 7 scrolls of blinking)

Annotations:
D:10 2 transporters, karrick's ghost, novice GrFi
Spider:4 2 transporters, porpoise's ghost, adept DECj


Innate Abilities, Weirdness & Mutations

You have a pair of horns on your head.
You reflexively headbutt those who attack you in melee.
[You have an uncontrollable temper.]
[You are very clumsy. (Dex -4)]
[Armour fits poorly on your strangely shaped body.]
[Your body often deteriorates upon taking damage.]
[You are very dopey. (Int -4)]
[You are extremely frail. (-30% HP)]
[Your magical capacity is extremely low. (-30% MP)]
[You frequently scream uncontrollably at your foes.]
[You do not regenerate when monsters are visible.]
[You are often teleported next to monsters.]
[You are very weak. (Str -4)]
[Potions cannot restore your health.]
[Your spells are much easier to cast, but much less powerful.]
[You sometimes lose the ability to read scrolls when taking damage.]


Message History

Your very ugly thing zombie seems to be corroded for longer.
A freezing wraith comes into view.
Your very ugly thing zombie hits the brown very ugly thing!!
The wretched star pulses with an eldritch light!
You feel a strong urge to scream.
The cyan ugly thing gurgles horribly!
The smoke demon roars!
You hit the brown very ugly thing but do no damage.
The brown very ugly thing is heavily wounded.
The smoke demon roars!
The cyan ugly thing gurgles horribly!
The brown very ugly thing tentacle-slaps your very ugly thing zombie.
Your very ugly thing zombie is splashed with acid.
The wretched star glows turbulently.
The lance of force hits your very ugly thing zombie!!
Your very ugly thing zombie is knocked back by the lance of force.
Your very ugly thing zombie collides with you!
* * * LOW HITPOINT WARNING * * *
Your very ugly thing zombie is almost destroyed.
The cyan ugly thing gurgles horribly!
You hit the brown very ugly thing.
The brown very ugly thing is heavily wounded.
The cyan ugly thing gurgles horribly!
The brown very ugly thing tentacle-slaps your very ugly thing zombie!
Your very ugly thing zombie is destroyed!
The wretched star pulses with an eldritch light!
Your system partially rejects the healing effects of potions.
Your system completely rejects the healing effects of potions.
The brown very ugly thing engulfs you.
* * * LOW HITPOINT WARNING * * *
You are splashed with acid.
You resist.
* * * LOW HITPOINT WARNING * * *
You can no longer trade souls for undead servants.
Your orange crystal plate armour prevents you from hitting the brown very ugly thing.
The brown very ugly thing is heavily wounded.
The brown very ugly thing gurgles horribly!
You slice the wretched star!!
The cyan ugly thing gurgles horribly!
The brown very ugly thing engulfs you!
You die...
Your body rises from the dead as a mindless zombie.

. ..(. #.
#.. .....
# .# ...
...
...#... #
# ##
..#.. . #
###.. .
## #.#...
# . ## #
..###.##
#
##*#...##
#
#@uu*#.#
###u#W3..
# u. # #.
....# u
.. ..#.
.. .## .
#. #. .
#... .
.#. . #.


You could see 2 very ugly things, 2 wretched stars, a cyan ugly thing
(wandering), a freezing wraith and a smoke demon.

Vanquished Creatures
  Saint Roka (Vaults:1)
  A hellephant (Abyss:4)
  Jorgrun (Orc:2)
  A sphinx (Vaults:1)
  A tentacled starspawn (Abyss:2)
  A vault warden (Vaults:1)
  4 ghost moths
  An orc warlord (Vaults:1)
  7 emperor scorpions
  Louise (Lair:3)
  A very ugly thing (Abyss:4)
  3 starcursed masses (Abyss:3)
  3 entropy weavers
  A dire elephant (D:15)
  3 merfolk javelineers
  5 merfolk impalers
  A fire dragon (D:14)
  Josephine (D:12)
  2 vault guards (D:13)
  12 hydras
  Harold (D:9)
  A yaktaur captain (Vaults:1)
  5 boulder beetles
  2 ogre magi
  A catoblepas (Lair:6)
  3 merfolk aquamancers
  Erica (D:7)
  8 centaur warriors
  A satyr (Shoals:3)
  A death knight (D:15)
  6 two-headed ogres
  4 death yaks
  2 alligator snapping turtles
  A thrashing horror (Abyss:2)
  3 wretched stars (Abyss:4)
  4 sea snakes
  An ironbound convoker (Vaults:1)
  A shadow demon (Abyss:4)
  A lindwurm (Vaults:1)
  2 wizards (D:13)
  A necromancer (D:13)
  5 orc knights
  A deep elf zephyrmancer (Orc:1)
  9 harpies
  6 orb spiders
  Pikel (D:7)
  2 orc sorcerers
  3 deep elf pyromancers
  13 wolf spiders
  9 manticores
  9 ugly things
  A salamander (D:15)
  3 cyclopes
  3 black mambas
  A merfolk siren (Shoals:2)
  6 elephants (Lair:5)
  2 moths of wrath
  A water nymph (Shoals:1)
  A vault sentinel (Vaults:1)
  A cane toad (shapeshifter) (D:15)
  8 cane toads
  A gargoyle (D:14)
  A rime drake (Lair:6)
  11 yaktaurs
  A freezing wraith (D:15)
  5 demonic crawlers
  An efreet (D:14)
  5 komodo dragons
  17 jumping spiders
  10 merfolk
  6 trolls
  A polar bear (Lair:4)
  4 wind drakes
  5 hornets
  A hornet (shapeshifter) (D:15)
  11 blink frogs
  A slime creature (shapeshifter) (D:13)
  4 dream sheep
  16 slime creatures
  7 snapping turtles
  A raiju (Abyss:2)
  A small abomination (Abyss:4)
  A shadow (D:9)
  10 tarantellas
  30 redbacks
  4 water elementals
  7 wyverns
  6 wraiths
  31 yaks
  Sigmund (D:3)
  A vampire (D:11)
  10 humans (D:13)
  3 basilisks
  A basilisk (shapeshifter) (D:15)
  3 steam dragons
  3 neqoxecs (Abyss:4)
  6 vampire mosquitoes
  3 wargs
  3 large abominations
  An acid dragon (D:8)
  10 water moccasins
  A black bear (D:4)
  35 orc warriors
  3 ice beasts (D:6)
  A hornet zombie (D:6)
  A swamp drake (Orc:1)
  6 ogres
  12 centaurs
  A phantom (D:4)
  8 bullfrogs
  A yaktaur zombie (D:13)
  3 scorpions
  A water moccasin skeleton (D:5)
  8 killer bees (D:9)
  9 wights
  4 howler monkeys
  An electric eel (Spider:4)
  6 centaur zombies
  A crimson imp (Orc:1)
  A jelly (D:7)
  A hound (D:4)
  5 orc priests
  Crazy Yiuf (D:6)
  An iron imp (Orc:1)
  Terence (D:3)
  3 iguanas
  Natasha (twice) (D:4)
  24 orc wizards
  A howler monkey zombie (D:11)
  5 adders
  6 gnolls
  A shadow imp (Orc:1)
  5 white imps
  An ufetubus (D:6)
  An adder skeleton (D:5)
  3 worms
  3 dart slugs
  67 orcs
  3 endoplasms
  2 giant cockroaches
  7 goblins
  3 hobgoblins
  3 jackals (D:5)
  6 quokkas
  8 ball pythons
  6 bats
  4 frilled lizards (D:2)
  5 kobolds
  4 rats
715 creatures vanquished.

Vanquished Creatures (collateral kills)
  Nikola (Vaults:1)
  A ghost moth (Spider:4)
  A vault warden (Vaults:1)
  A frost giant (Shoals:4)
  4 emperor scorpions
  A stone giant (Vaults:1)
  An entropy weaver (Spider:2)
  2 spark wasps
  3 merfolk impalers
  3 merfolk javelineers
  2 catoblepae (Lair:6)
  2 hydras
  2 centaur warriors
  An alligator snapping turtle (Shoals:4)
  A death knight (D:8)
  3 two-headed ogres (D:15)
  A merfolk avatar (Shoals:2)
  An ironbound frostheart (Vaults:1)
  8 death yaks (Lair:6)
  2 sun demons (Shoals:4)
  Sonja (Orc:2)
  Nergalle (D:12)
  A lindwurm (Lair:4)
  5 sea snakes
  3 harpies
  A phantasmal warrior (D:15)
  An ironbound convoker (Vaults:1)
  4 ugly things
  A wolf spider zombie (Spider:1)
  16 orb spiders
  A deep elf pyromancer (D:14)
  16 wolf spiders
  A cyclops (D:12)
  3 merfolk sirens
  3 elephants (Lair:5)
  6 manticores
  A moth of wrath (Spider:2)
  A black mamba (Lair:1)
  A torpor snail (Lair:5)
  4 water nymphs (Shoals:4)
  7 cane toads
  8 demonic crawlers
  2 unseen horrors (D:8)
  4 yaktaurs (Vaults:1)
  A rime drake (Lair:1)
  4 komodo dragons
  A freezing wraith (D:15)
  A troll (shapeshifter) (D:15)
  A troll (D:9)
  9 merfolk
  27 jumping spiders
  3 wind drakes
  3 polar bears
  5 slime creatures
  2 hornets (Spider:3)
  Prince Ribbit (D:7)
  A raiju (Abyss:4)
  2 blink frogs
  3 snapping turtles
  7 dream sheep
  12 yaks
  2 water elementals
  56 redbacks
  A wraith (Shoals:2)
  2 neqoxecs (Abyss:4)
  7 humans (D:13)
  14 tarantellas
  3 basilisks
  2 large abominations (Abyss:4)
  A small abomination (Abyss:4)
  5 water moccasins
  4 orc warriors
  2 ogres
  5 centaurs
  5 bullfrogs
  A gnoll sergeant (D:9)
  A wight (D:7)
  A killer bee (D:9)
  3 electric eels
  An orc priest (D:12)
  8 orc wizards
  2 gnolls (D:9)
  An orc zombie (D:9)
  29 orcs
  A quokka (D:5)
373 creatures vanquished.

Vanquished Creatures (others)
  A very ugly thing zombie (Abyss:4)
  A merfolk impaler (Shoals:3)
  An ironbound frostheart (Vaults:1)
  A spectral entropy weaver (Spider:4)
  An entropy weaver zombie (Spider:4)
  3 wolf spiders (Spider:1)
  13 wolf spider zombies
  4 ugly thing zombies
  6 spectral slime creatures
  3 spectral sun demons (Shoals:4)
  2 emperor scorpion zombies (Spider:4)
  3 death yak zombies (Lair:6)
  A yaktaur (Vaults:1)
  35 redback zombies
  A spectral shadow demon (Abyss:4)
  3 sea snake zombies
  3 demonic crawler zombies (Spider:2)
  4 harpy zombies
  4 hydra zombies
  11 jumping spider zombies
  6 tarantella zombies
  A satyr zombie (Shoals:3)
  A black mamba zombie (Lair:3)
  3 wind drake zombies
  8 orb spider zombies
  9 cane toad zombies
  A water nymph zombie (Shoals:4)
  4 two-headed ogre zombies
  A spectral hornet (Spider:4)
  2 dream sheep zombies (Lair:5)
  10 merfolk zombies
  A lindwurm zombie (Vaults:1)
  2 hornet zombies
  4 snapping turtle zombies
  4 blink frog zombies
  A kobold zombie (Orc:2)
  3 elephant zombies (Lair:5)
  3 manticore zombies
  4 vampire mosquito zombies
  12 human zombies
  A spectral neqoxec (Abyss:4)
  5 yaktaur zombies (Vaults:1)
  2 komodo dragon zombies
  2 cyclops zombies
  A wyvern zombie (D:8)
  4 water moccasin zombies
  2 polar bear zombies (Lair:5)
  A troll zombie (Orc:2)
  A raiju zombie (Abyss:4)
  17 yak zombies
  2 bullfrog zombies
  11 centaur zombies
  3 basilisk zombies
  7 killer bee zombies (D:9)
  An acid dragon zombie (D:8)
  An ogre zombie (D:14)
  A howler monkey zombie (D:7)
  A spectral jelly (D:7)
  A spectral white imp (Orc:1)
  An orc (Orc:1)
  3 gnoll zombies (D:9)
  85 orc zombies
  A bush (Lair:3)
  54 fungi
  A lurking horror (Abyss:3)
  148 plants
  7 starspawn tentacles
  6 tentacles (Shoals:4)
551 creatures vanquished.

Grand Total: 1639 creatures vanquished

Notes
Turn   | Place    | Note
-------+----------+-------------------------------------------
     0 | D:1      | dolemite99 the Minotaur Fighter began the quest for the
                  | Orb.
     0 | D:1      | Reached XP level 1. HP: 19/19 MP: 0/0
   443 | D:1      | Found a faded altar of an unknown god.
   449 | D:1      | Reached XP level 2. HP: 22/26 MP: 1/1
  1050 | D:2      | Reached XP level 3. HP: 30/31 MP: 2/2
  1354 | D:2      | Reached skill level 5 in Axes
  2091 | D:3      | Noticed Sigmund
  2109 | D:3      | Killed Sigmund
  2110 | D:3      | Reached XP level 4. HP: 6/39 MP: 3/3
  2110 | D:3      | Reached XP level 5. HP: 6/45 MP: 4/4
  2510 | D:3      | You fall into a shaft and drop 2 floors!
  2510 | D:5      | Entered Level 5 of the Dungeon
  2807 | D:5      | Noticed an ogre
  2814 | D:5      | Killed an ogre
  2815 | D:5      | Reached XP level 6. HP: 51/51 MP: 5/5
  3449 | D:3      | Noticed Terence
  3466 | D:3      | Killed Terence
  4107 | D:4      | Reached XP level 7. HP: 52/57 MP: 6/6
  4532 | D:4      | Reached skill level 10 in Axes
  4636 | D:4      | Noticed Natasha
  4640 | D:4      | Killed Natasha
  4950 | D:4      | Noticed Natasha
  4960 | D:4      | Killed Natasha
  5305 | D:5      | Noticed a wyvern
  5309 | D:5      | Killed a wyvern
  5310 | D:5      | Reached XP level 8. HP: 52/64 MP: 7/7
  5858 | D:6      | Found a runed translucent door.
  5859 | D:6      | Noticed Crazy Yiuf
  5868 | D:6      | Killed Crazy Yiuf
  5871 | D:6      | Identified the +7 mace of the Seer {vamp, Fragile rPois
                  | rF+++}
  6238 | D:6      | Found a staircase to the Ecumenical Temple.
  6289 | D:6      | Reached skill level 5 in Fighting
  6551 | Temple   | Entered the Ecumenical Temple
  6724 | Temple   | Became a worshipper of Yredelemnul the Dark
  6902 | D:6      | Reached * piety under Yredelemnul
  7228 | D:6      | Reached ** piety under Yredelemnul
  7228 | D:6      | Reached XP level 9. HP: 74/81 MP: 8/8
  8250 | D:7      | Noticed a two-headed ogre
  8343 | D:7      | Noticed Prince Ribbit
  8360 | D:7      | Killed Prince Ribbit
  8504 | D:7      | Your ally Prince Ribbit died
  8516 | D:7      | Reached skill level 10 in Fighting
  9197 | D:7      | Killed a two-headed ogre
  9227 | D:7      | Noticed Pikel
  9262 | D:7      | Killed Pikel
  9270 | D:7      | Reached XP level 10. HP: 63/93 MP: 9/9
  9508 | D:7      | Identified the +1 leather armour "Weis" {Dex+8}
 10332 | D:8      | Noticed Erica
 11885 | D:8      | Found a hide-covered altar of Uskayaw.
 11888 | D:8      | Identified the amulet of Vaxij {Faith Dex+3}
 11927 | D:8      | Identified a scroll of acquirement
 11927 | D:8      | Acquired a staff of air
 12365 | D:8      | Noticed a boulder beetle
 12370 | D:8      | Noticed a deep elf pyromancer
 13280 | D:9      | Noticed Harold
 13322 | D:9      | Killed Harold
 13336 | D:9      | HP: 2/94 [wyvern (13)]
 13337 | D:9      | Reached skill level 15 in Axes
 14447 | D:9      | Reached *** piety under Yredelemnul
 14457 | D:9      | Reached XP level 11. HP: 101/101 MP: 10/10
 14662 | D:10     | Entered Level 10 of the Dungeon
 14861 | D:10     | Found a transporter.
 14867 | D:10     | Found a transporter.
 14870 | D:10     | Noticed karrick's ghost (novice GrFi)
 14871 | D:10     | Noticed a two-headed ogre
 14871 | D:10     | Noticed a tengu warrior
 14872 | D:10     | Found a bloodstained altar of Trog.
 14872 | D:10     | Noticed a two-headed ogre
 15050 | D:10     | Noticed a white ugly thing
 15066 | D:10     | Killed a white ugly thing
 15313 | D:10     | Reached skill level 10 in Armour
 15476 | D:10     | Found a staircase to the Lair.
 15503 | Lair:1   | Entered Level 1 of the Lair of Beasts
 15635 | D:7      | Killed Erica
 15980 | D:8      | Killed a boulder beetle
 16119 | D:8      | Noticed a centaur warrior
 16130 | D:8      | Killed a centaur warrior
 16134 | D:8      | Identified the amulet "Mosmop" {Acrobat -Tele rF+ Regen+
                  | Dex+3}
 16369 | D:8      | Noticed a death knight
 16378 | D:8      | Killed a death knight
 17229 | Lair:1   | Noticed a five-headed hydra
 17239 | Lair:1   | Killed a five-headed hydra
 17240 | Lair:1   | Reached skill level 5 in Invocations
 17402 | Lair:1   | Reached XP level 12. HP: 98/112 MP: 15/15
 17670 | Lair:1   | Reached **** piety under Yredelemnul
 18019 | Lair:2   | Found the +3 salamander hide armour {Flames rF++ rC--}
 18030 | Lair:2   | Reached skill level 1 in Crossbows
 18231 | Lair:2   | Reached XP level 13. HP: 117/117 MP: 17/17
 18773 | Lair:2   | Reached skill level 10 in Crossbows
 20314 | Lair:3   | Found a staircase to the Shoals.
 20620 | Lair:3   | Found a hole to the Spider Nest.
 21872 | Lair:4   | Identified the +9 hand crossbow "Wuow" {freeze, rElec rCorr
                  | Int-2 Dex+6}
 22965 | Lair:5   | Found a viscous altar of Jiyva.
 22965 | Lair:5   | Found a staircase to the Slime Pits.
 23314 | Lair:5   | Reached ***** piety under Yredelemnul
 23530 | Lair:5   | Identified the +1 scale mail of the Soldier {Drain rElec
                  | Str+4}
 24206 | Lair:6   | Entered Level 6 of the Lair of Beasts
 24219 | Lair:6   | Reached XP level 14. HP: 120/127 MP: 18/18
 26304 | Lair:6   | Reached ****** piety under Yredelemnul
 29365 | D:12     | Found a staircase to the Orcish Mines.
 29486 | D:12     | Noticed Josephine
 29494 | D:12     | Killed Josephine
 30374 | D:12     | Reached XP level 15. HP: 137/137 MP: 19/19
 30582 | D:12     | Noticed Nergalle
 30601 | D:12     | Killed Nergalle
 31049 | Orc:1    | Entered Level 1 of the Orcish Mines
 31709 | Orc:2    | Entered Level 2 of the Orcish Mines
 32239 | Orc:2    | Noticed Sonja
 32252 | Orc:2    | Killed Sonja
 32253 | Orc:2    | Reached skill level 1 in Evocations
 32631 | Orc:2    | Your ally Sonja died
 32899 | Orc:2    | Noticed Jorgrun
 32940 | Orc:2    | Killed Jorgrun
 33153 | Orc:2    | Found Mics's Book Boutique.
 33153 | Orc:2    | Found Dium's General Store.
 33157 | Orc:2    | Found Lysowk's Weapon Shoppe.
 33160 | Orc:2    | Found Ivvoud's Weapon Shop.
 33225 | Orc:2    | Found a staircase to the Elven Halls.
 33321 | Orc:2    | Found Pagus's Armour Boutique.
 34349 | D:13     | Reached skill level 5 in Evocations
 34384 | D:13     | Cast into level 2 of the Abyss (a wizard)
 34621 | Abyss:2  | Found a corrupted altar of Lugonu.
 34642 | Abyss:2  | Noticed a tentacled starspawn
 34651 | Abyss:2  | Killed a tentacled starspawn
 34658 | Abyss:2  | Identified the ring "Fofric" {rC+ rCorr Str+3 Dex+3}
 34676 | D:13     | Escaped the Abyss
 35557 | D:13     | Found a portal to a secret trove of treasure.
 35809 | D:13     | Found a gate to the Vaults.
 37714 | D:15     | Entered Level 15 of the Dungeon
 37751 | D:15     | Reached XP level 16. HP: 147/147 MP: 20/20
 38058 | D:15     | Found a staircase to the Depths.
 38868 | D:15     | Found Enid's Elemental Accessories.
 38881 | D:15     | Bought a lightning rod (4/4) for 480 gold pieces
 39508 | Spider:1 | Entered Level 1 of the Spider Nest
 39508 | Spider:1 | Noticed Louise
 39520 | Lair:3   | Killed Louise
 39845 | Spider:1 | Reached skill level 10 in Invocations
 44613 | Spider:3 | Reached XP level 17. HP: 150/154 MP: 26/26
 44744 | Spider:3 | Identified the +0 hand crossbow of the Whelk {freeze, Fly}
 46651 | Spider:4 | Entered Level 4 of the Spider Nest
 46651 | Spider:4 | Noticed porpoise's ghost (adept DECj)
 46651 | Spider:4 | Found a transporter.
 46688 | Spider:4 | Found a transporter.
 46964 | Spider:4 | Reached skill level 15 in Invocations
 50434 | Spider:4 | Got a gossamer rune of Zot
 50610 | Shoals:1 | Entered Level 1 of the Shoals
 50890 | Orc:2    | Bought the +8 orange crystal plate armour {Archmagi, Int+3
                  | Clar} for 2456 gold pieces
 50890 | Orc:2    | Found the +8 orange crystal plate armour {Archmagi, Int+3
                  | Clar}
 52730 | Shoals:2 | Identified the +5 dagger of Inflation {protect, Int+4
                  | Stlth+}
 53483 | Shoals:3 | Found Ugufeun's Armour Shop.
 53483 | Shoals:3 | Found Miaxtoo's Weapon Shop.
 54291 | Shoals:3 | Reached XP level 18. HP: 119/162 MP: 29/29
 54387 | Shoals:3 | Found Xuzuz's Book Shoppe.
 55143 | Shoals:4 | Entered Level 4 of the Shoals
 55941 | Shoals:4 | Got a barnacled rune of Zot
 56891 | Vaults:1 | Entered Level 1 of the Vaults
 57075 | Vaults:1 | Noticed Nikola
 57088 | Vaults:1 | Killed Nikola
 57571 | Vaults:1 | Noticed Saint Roka
 57605 | Vaults:1 | Killed Saint Roka
 57953 | Vaults:1 | Found Orege's Book Shop.
 58524 | Vaults:1 | Identified the +11 hand axe "Giantslayer" {vorpal, Int-5
                  | Dex+4}
 59056 | Vaults:1 | Cast into level 3 of the Abyss (a wizard)
 59300 | Abyss:4  | Gained mutation: [You are frail. (-10% HP)] [a neqoxec]
 59396 | Abyss:4  | Noticed a hellephant
 59438 | Abyss:4  | Killed a hellephant
 59494 | Abyss:4  | Lost intelligence.
 59521 | Abyss:4  | Slain by a brown very ugly thing

Illustrated notes

Levels and vault maps discovered:
D:1:      dpeg_arrival_castle, layout_basic, basic_ecumenical_altar
D:2:      layout_basic, chequers_garden, minmay_3d_cube
D:3:      layout_basic, minmay_misc_feat_tiny, minmay_misc_feat_encased,
          kennysheep_pointless_box, uniq_sigmund, uniq_terence
D:4:      layout_basic, uniq_natasha
D:5:      layout_rooms, dk_vineyard_3
D:6:      layout_loops_ring, minmay_temple_entry_glass, uniq_crazy_yiuf_cottage
D:7:      layout_basic, grunt_ministairs_7, chequers_serial_rivers_room_a,
          st_stairs_2, uniq_prince_ribbit1, uniq_pikel
D:8:      layout_loops_ring, nicolae_overflow_crystal_walls, minmay_evil_grid,
          uniq_erica
D:9:      layout_long_grid, hangedman_abyss_or_decor_lesser_grid,
          nrook_loot_triangle, uniq_harold
D:10:     layout_roguey, erik_lair_orcish_takeover,
          gammafunk_ghost_wrathful_warriors
D:11:     layout_cave_pools, serial_co_window_serial, co_window_corner_a,
          co_window_paths_a, co_window_corner_a, co_window_cross_1,
          co_window_corner_a, co_window_paths_a, co_window_paths_a,
          co_window_of_opportunity_b, co_window_cross_2,
          co_window_unsneaky_path_e, co_window_corner_b, co_window_broadway_c,
          glass_columns_c, glass_columns_a, glass_columns_c, glass_columns_a
D:12:     layout_layer_cave, hiddenorc2_lemuel, uniq_josephine, uniq_nergalle
D:13:     layout_small_grid, grunt_vaults_entry_tiered, enter_trove_1
D:14:     layout_basic, nrook_campfire
D:15:     hangedman_depths_entry_try_elsewhere_first, layout_basic,
          roderic_lattice_octagonal_star, serial_rivers,
          chequers_serial_rivers_micro_b, chequers_serial_rivers_room_a,
          chequers_serial_rivers_room_a, chequers_serial_rivers_micro_e,
          chequers_serial_rivers_large_a, chequers_serial_rivers_micro_e,
          nicolae_elemental_shop, corexii_mini_fake_secret_closet
Temple:   mainiacjoe_temple_starburst
Lair:1:   layout_misc_corridors, chequers_serial_rivers_micro_d,
          serial_bayou_lagoon_a, beast_lair_carwin_1, serial_bayou_shore_a,
          grunt_megastairs_4, serial_bayou_shore_b
Lair:2:   layout_layer_cave, patterned_corridor, grunt_megastairs_3
Lair:3:   layout_cave_pods, minmay_shoals_entry_beasts,
          nicolae_spider_entry_orb_guardian, infiniplex_staircase_pool_2
Lair:4:   layout_loops_ring, bobbens_ice_dragon_lair, lemuel_fruit_tree,
          serial_bayou_shore_b
Lair:5:   layout_roguey, slime_altar_1
Lair:6:   evilmike_catoblepas_cave, layout_big_grid,
          hangedman_lair_unloving_vines, grunt_megastairs_5
Shoals:1: cheibrodos_shoals_epimethial_gifts, layout_shoals
Shoals:2: layout_shoals, nicolae_shoals_so_close
Shoals:3: layout_shoals, serial_shops, nicolae_shop_bloodbath_and_beyond,
          nicolae_stop_n_shop_2, nicolae_shop_advertising_works
          [nicolae_subvault_shop_adworks], nicolae_shoals_water_booths
Shoals:4: shoals_end_grunt_ice, layout_shoals, nicolae_shoals_sun_and_surf
Spider:1: layout_spider_delve, uniq_louise
Spider:2: nicolae_spider_hilbert_zone_1 [nicolae_spider_hilbert_4_sides_1_open,
          nicolae_spider_hilbert_4_sides_1_open,
          nicolae_spider_hilbert_4_sides_1_open,
          nicolae_spider_hilbert_4_sides_1_open,
          nicolae_spider_hilbert_3_sides_1_open,
          nicolae_spider_hilbert_3_sides_1_open,
          nicolae_spider_hilbert_3_sides_1_open,
          nicolae_spider_hilbert_3_sides_1_open,
          nicolae_spider_hilbert_3_sides_1_open,
          nicolae_spider_hilbert_6_sides_1_open,
          nicolae_spider_hilbert_6_sides_1_open,
          nicolae_spider_hilbert_3_sides_1_open,
          nicolae_spider_hilbert_3_sides_1_open,
          nicolae_spider_hilbert_3_sides_1_open,
          nicolae_spider_hilbert_3_sides_1_open,
          nicolae_spider_hilbert_2_sides_1_open],
          nicolae_spider_twisty_arc_passages
Spider:3: layout_chambers
Spider:4: grunt_spider_rune_circles, gammafunk_ghost_arena
Orc:1:    layout_diamond_mine, gammafunk_ghost_grave, basic_altar,
          hangedman_minor_magic
Orc:2:    st_orc_rangers, layout_caves, serial_shops, nicolae_square_shop,
          uniq_sonja, uniq_jorgrun
Vaults:1: nicolae_vaults_branching_niches, nicolae_vaults_stairing_the_circle,
          nicolae_vaults_little_squares_6, hangedman_vaults_restitches,
          v_misc_10, ontoclasm_vaults_idyll, v_misc_1, hangedman_vaults_impose,
          ontoclasm_vaults_ligature, nicolae_vaults_little_squares_3,
          vaults_dpeg_ring, vaults_room_corners,
          nicolae_vaults_little_squares_2, layout_vaults_big_room, serial_shops,
          nicolae_shop_behind_doors, uniq_saint_roka, uniq_nikola
Abyss:4:  base: D:12, base: Lair:3, minivault_22, evilmike_abyss_exit_glass,
          evilmike_abyss_rune_elephants_shrine, minivault_22

Skill      XL: |  1  2  3  4  5  6  7  8  9 10 11 12 13 14 15 16 17 18 |
---------------+-------------------------------------------------------+-----
Axes           | 3 4 7 8 9 11 12 15 16 17 20 | 20.4
Fighting       | 8 10 11 12 13 14 | 14.9
Armour         | 8 9 11 12 13 14 | 14.5
Invocations    | 6 13 17 20 | 20.7
Crossbows      | 9 12 | 12.0
Evocations     | 9 |  9.4
Shields        | |  3.6

Action                   |  1- 3 |  4- 6 |  7- 9 | 10-12 | 13-15 | 16-18 || total
-------------------------+-------+-------+-------+-------+-------+-------++-------
Melee: War axe           |    94 |    73 |   203 |   282 |    99 |       ||   751
       Headbutt          |     8 |    14 |    26 |    62 |    89 |   193 ||   392
       Arbalest          |       |       |       |       |     1 |       ||     1
       Battleaxe         |       |       |       |       |   235 |   617 ||   852
 Fire: Arbalest          |       |       |       |    13 |   100 |       ||   113
       Hand crossbow     |       |       |       |       |   509 |   340 ||   849
Throw: Stone             |    23 |     2 |     8 |       |       |       ||    33
       Dart              |       |       |       |     1 |       |       ||     1
       Throwing net      |       |       |       |     1 |       |       ||     1
Invok: Dark Bargain      |       |       |       |       |     1 |     2 ||     3
       Recall Undead Har |       |       |       |       |     1 |       ||     1
       Bind Soul         |       |       |       |       |       |     2 ||     2
Evoke: Wand              |       |       |     7 |     4 |     4 |     8 ||    23
       Condenser vane    |       |       |       |       |     4 |     6 ||    10
       Lightning rod     |       |       |       |       |       |    13 ||    13
       Box of beasts     |       |       |       |       |       |     1 ||     1
  Use: Potion            |     2 |       |     2 |     6 |       |    15 ||    25
       Scroll            |       |     4 |     3 |    17 |     6 |    11 ||    41
 Stab: Paralysed         |       |       |     4 |       |       |       ||     4
       Distracted        |       |       |       |     1 |     6 |    13 ||    20
       Invisible         |       |       |       |       |       |     8 ||     8
Armor: Scale mail        |     5 |       |       |       |       |       ||     5
       Chain mail        |    58 |    26 |    76 |    88 |       |       ||   248
       Skin              |       |       |       |    20 |       |       ||    20
       Plate armour      |       |       |       |    51 |   378 |   514 ||   943
       Crystal plate arm |       |       |       |       |       |   436 ||   436
Dodge: Dodged            |    36 |    14 |    53 |    95 |   280 |   307 ||   785
Block: Buckler           |    11 |    12 |    45 |    73 |       |       ||   141

Table legend: (Time is in decaauts)
 A = Elapsed time spent in this place.
 B = Non-inter-level travel time spent in this place.
 C = Inter-level travel time spent in this place.
 D = Time resting spent in this place.
 E = Time spent auto-exploring this place.
 F = Levels seen in this place.
 G = Mean time per level.
                   A        B        C        D        E       F      G
               +--------+--------+--------+--------+--------+-----+--------+
         Total |  59624 |  56791 |   2833 |  19780 |  27018 |  36 | 1656.2 |
       Dungeon |  25517 |  24205 |   1312 |   9138 |  11241 |  15 | 1701.1 |
        Temple |    708 |    606 |    102 |    100 |    491 |   1 |  708.0 |
          Lair |  11123 |  10344 |    779 |   3369 |   5436 |   6 | 1853.8 |
        Shoals |   5914 |   5719 |    195 |   1565 |   2814 |   4 | 1478.5 |
   Spider Nest |  10710 |  10481 |    229 |   4277 |   4390 |   4 | 2677.5 |
  Orcish Mines |   2805 |   2591 |    214 |    686 |   1171 |   2 | 1402.5 |
        Vaults |   2119 |   2119 |      0 |    521 |   1279 |   1 | 2119.0 |
         Abyss |    724 |    724 |      0 |    122 |    194 |   3 |  241.3 |
               +--------+--------+--------+--------+--------+-----+--------+

Top non-repeatable levels by time:
Spider:4: 3818 daAuts
     D:7: 3474 daAuts
Spider:2: 3410 daAuts
  Lair:3: 2456 daAuts
     D:6: 2414 daAuts
    D:13: 2351 daAuts
  Lair:5: 2310 daAuts
     D:9: 2264 daAuts
    D:12: 2229 daAuts
Vaults:1: 2119 daAuts
   Orc:2: 2100 daAuts
Spider:3: 2087 daAuts
  Lair:6: 2021 daAuts
  Lair:2: 1746 daAuts
Shoals:3: 1719 daAuts
